 Dungeon Crawl Stone Soup version 0.21-a0-584-g185da8e (console) character file.

255 Mandevil the Ruffian (level 5, 0/44 HPs)
             Began as a Draconian Transmuter on Dec 21, 2017.
             Was an Initiate of Qazlal.
             Slain by an orc (1 damage)
             ... on level 3 of the Dungeon.
             The game lasted 00:06:34 (2394 turns).

Mandevil the Ruffian (Draconian Transmuter)         Turns: 2394, Time: 00:06:37

Health: 0/44       AC:  5    Str: 14    XL:     5   Next: 91%
Magic:  9/9        EV: 10    Int: 13    God:    Qazlal [......]
Gold:   114        SH:  0    Dex: 11    Spells: 4/10 levels left

rFire    . . .     SeeInvis .     - Unarmed
rCold    . . .     Gourm    .   (no shield)
rNeg     . . .     Faith    .   (armour unavailable)
rPois    .         Spirit   .   (helmet restricted)
rElec    .         Reflect  .   (no cloak)
rCorr    .         Harm     .   (no gloves)
MR       .....                  (boots currently unavailable)
Stlth    +.........             k - amulet of magic regeneration
HPRegen  0.14/turn              d - -3 ring of evasion (curse)
MPRegen  0.36/turn              (no ring)

@: appendage (expiring)
A: unfitting armour, talons 3, cold-blooded, AC +5
a: End Transformation, Renounce Religion


You were on level 3 of the Dungeon.
You worshipped Qazlal.
Qazlal was noncommittal.
You were not hungry.
You had grown temporary talons.
You visited 1 branch of the dungeon, and saw 3 of its levels.

You collected 114 gold pieces.

Inventory:

Missiles
 a - 55 arrows
 f - 16 poisoned needles
 g - 22 sling bullets
 l - 20 bolts
 s - 30 stones (quivered)
Jewellery
 d - a cursed -3 ring of evasion (left hand)
 k - an amulet of magic regeneration (around neck)
Wands
 o - a wand of flame (28)
Scrolls
 i - a scroll of magic mapping
 m - a scroll of identify
Potions
 e - 3 potions of curing
 h - 2 potions of haste
 j - a potion of lignification
Books
 b - a book of Changes

   Spells                             Type                      Level
   a - Beastly Appendage              Transmutation                1
   b - Sticks to Snakes               Transmutation                2
   c - Spider Form                    Transmutation/Poison         3
   d - Ice Form                       Ice/Transmutation            4
   e - Blade Hands                    Transmutation                5
Comestibles
 c - 5 rations
 n - 4 chunks of flesh


   Skills:
 + Level 2.9 Fighting
 + Level 2.8 Dodging
 + Level 3.8 Unarmed Combat
 + Level 3.0 Spellcasting
 + Level 3.1 Transmutations
 + Level 1.6 Invocations


You had 4 spell levels left.
You knew the following spells:

 Your Spells              Type           Power        Failure   Level  Hunger
a - Beastly Appendage     Tmut           ##....       6%          1    #......
b - Sticks to Snakes      Tmut           ##......     10%         2    ##.....
c - Spider Form           Tmut/Pois      #.........   34%         3    ###....


Dungeon Overview and Level Annotations

Branches:
Dungeon (3/15)

Altars:
Fedhas
Gozag
Hepliaklqana
Kikubaaqudgha
Qazlal


Innate Abilities, Weirdness & Mutations

Your plain brown scales are hard. (AC +5)
You cannot fit into any form of body armour.
You are cold-blooded and may be slowed by cold attacks.
You have claws for feet.


Message History

The orc is moderately wounded.
The orc hits you.
* * * LOW HITPOINT WARNING * * *
The orc hits you from afar with a spear.
* * * LOW HITPOINT WARNING * * *
You hit the orc but do no damage. You claw the orc, but do no damage.
The orc is moderately wounded.
The orc closely misses you.
You hit the orc but do no damage.
The orc is moderately wounded.
Your transformation is almost over.
The orc completely misses you. The orc hits you.
* * * LOW HITPOINT WARNING * * *
You hit the orc. You claw the orc, but do no damage.
You tail-slap the orc, but do no damage.
The orc is severely wounded.
The orc hits you from afar with a spear.
* * * LOW HITPOINT WARNING * * *
The orc hits you.
You die...

### ########### ..###
#.........# ....# #####
###.........# .$#.# #...#
#...........#
..#.#####...###>...##....#...##
................####..........##
####.......>#####...)..........#
.......((()Kood(#....).......#
.......(..#######............#
..........# ##..........##
..........# ##....#...##
....####### ##..%...### ....
#####..##.### ... ##.....###.#
## #.....## #.# ##......# #.#


You could see 2 orcs and a kobold.

Vanquished Creatures
  The ghost of teukkam the Magician, an amateur GnWn (D:3)
  An orc wizard (D:3)
  3 adders
  An ooze (D:2)
  2 worms (D:2)
  A dart slug (D:1)
  A leopard gecko (D:3)
  2 orcs
  2 giant cockroaches (D:2)
  9 goblins
  4 hobgoblins
  2 jackals (D:1)
  4 kobolds
  A quokka (D:3)
  A ball python (D:3)
  4 bats
  2 frilled lizards (D:2)
  9 rats
50 creatures vanquished.

Vanquished Creatures (collateral kills)
  An adder (D:2)
1 creature vanquished.

Grand Total: 51 creatures vanquished

Notes
Turn   | Place    | Note
-------+----------+-------------------------------------------
     0 | D:1      | Mandevil the Draconian Transmuter began the quest for the Orb.
     0 | D:1      | Reached XP level 1. HP: 16/16 MP: 3/3
   275 | D:1      | Reached XP level 2. HP: 19/23 MP: 3/5
   545 | D:2      | Learned a level 2 spell: Sticks to Snakes
   644 | D:2      | Reached XP level 3. HP: 16/29 MP: 4/6
  1323 | D:2      | Found a blossoming altar of Fedhas.
  1331 | D:2      | Found an opulent altar of Gozag.
  1477 | D:2      | Found a stormy altar of Qazlal.
  1558 | D:2      | Found an ancient bone altar of Kikubaaqudgha.
  1626 | D:2      | Found a hazy altar of Hepliaklqana.
  1775 | D:2      | Became a worshipper of Qazlal Stormbringer
  1806 | D:3      | Noticed teukkam's ghost (amateur GnWn)
  1939 | D:3      | Reached XP level 4. HP: 36/36 MP: 7/7
  1995 | D:3      | Learned a level 3 spell: Spider Form
  2065 | D:3      | Killed teukkam's ghost
  2065 | D:3      | Reached skill level 1 in Invocations
  2065 | D:3      | Reached XP level 5. HP: 36/42 MP: 7/9
  2394 | D:3      | HP: 1/44 [orc/spear (6)]
  2394 | D:3      | Slain by an orc

Vault maps used:
D:1:      giann_wishing_wells
D:2:      grunt_temple_overflow_forces_of_nature,
          nicolae_overflow_hidden_temple, marbit_many_paths,
          nicolae_gozag_cash_rules_everything_around_me
D:3:      okawaru_altar_gauntlet_db, chequers_ecumenical_altar_twisty,
          first_ration

Skill      XL: |  1  2  3  4  5 |
---------------+----------------+-----
Dodging        | 2 |  2.8
Fighting       | 2 |  2.9
Transmutations | 3 |  3.1
Invocations    | 1 |  1.6
Spellcasting   | 3 |  3.0
Unarmed Combat | |  3.8

Action                   |  1- 3 |  4- 6 || total
-------------------------+-------+-------++-------
Melee: Unarmed           |   129 |    62 ||   191
       Kick              |     6 |     5 ||    11
       Headbutt          |     6 |     2 ||     8
       Tailslap          |     7 |     5 ||    12
       Punch             |     3 |       ||     3
Throw: Stone             |       |    15 ||    15
 Cast: Beastly Appendage |    11 |     4 ||    15
       Sticks to Snakes  |     1 |       ||     1
  Use: Scroll            |     5 |     1 ||     6
       Potion            |       |     2 ||     2
  Eat: Chunk             |     3 |     2 ||     5
Armor: Skin              |    54 |    24 ||    78
Dodge: Dodged            |    64 |    34 ||    98

Table legend:
 A = Spawn XP
 B = Non-spawn XP
 C = Spawn XP percentage of total XP
 D = Spawn monster count
 E = Non-spawn monster count
 F = Spawn count percentage of total count
 G = Total turns spent on level
                    A         B        C        D         E        F      G
               +---------+---------+-------+---------+---------+-------+---------
         Total |       0 |     365 |   0.0 |       0 |      51 |   0.0 |  2394
               +---------+---------+-------+---------+---------+-------+---------
           D:1 |       0 |      21 |   0.0 |       0 |      12 |   0.0 |   506
           D:2 |       0 |      74 |   0.0 |       0 |      24 |   0.0 |  1401
           D:3 |       0 |     270 |   0.0 |       0 |      15 |   0.0 |   487
               +---------+---------+-------+---------+---------+-------+---------
